Map: Ley Lines

Players

ManlyManMeat

  • Race: Zerg Zerg
  • League: Master
  • Spawn Location: 1:00

orbit - Winner!

  • Race: Terran Terran
  • Spawn Location: 7:00

VOD

Have the link to the VOD?

Description

Time

  • Played on: June 19, 2025, 6:58 a.m.
  • Length: 5:55
Show
View Real Time Build Order
Export as new Build Order

ManlyManMeat Zerg 

Build Orders: Hatch First 

Get SALT Encoding   

  12  0:00  Drone  
  13  0:13  Overlord  
  13  0:17  Drone  
  14  0:31  Drone x2  
  16  0:36  Drone  
  17  0:52  Hatchery  
  17  0:54  Drone  
  17  0:57  Drone  
  18  1:08  Drone  
  19  1:25  Extractor, Spawning Pool  
  17  1:26  Drone  
  18  1:36  Overlord  
  18  1:45  Drone  
  19  1:48  Hatchery  
  19  1:53  Drone  
  19  2:05  Drone  
  20  2:12  Queen  
  22  2:20  Queen  
  24  2:24  Zergling x2  
  24  2:27  Zergling x2  
  26  2:31  Drone  
  27  2:44  Drone x4  
  30  2:48  Metabolic Boost  
  31  2:59  Queen  
  33  3:09  Drone x3  
  33  3:10  Drone  
  37  3:19  Drone x2  
  39  3:23  Queen  
  41  3:36  Drone  
  41  3:38  Overlord x2  
  41  3:39  Overlord  
  42  3:57  Drone x3  
  42  3:58  Drone x4  
  42  3:59  Drone  
  42  4:02  Queen  
  52  4:08  Lair  
  52  4:12  Baneling Nest, Drone x2  
  52  4:13  Drone  
  54  4:17  Extractor  
  54  4:23  Drone x4  
  57  4:25  Overlord  
  57  4:30  Overlord  
  57  4:32  Spore Crawler  
  57  4:34  Spore Crawler  
  57  4:37  Spore Crawler  
  54  4:43  Evolution Chamber  
  54  4:44  Evolution Chamber  
  52  5:01  Drone, Zergling x18  
  62  5:13  Zergling x2  
  62  5:14  Zergling x8, Overlord  
  66  5:15  Overlord  
  66  5:21  Baneling x4  
  66  5:22  Baneling  
  66  5:28  Zergling x8  
  66  5:34  Zergling x6  
Show
View Real Time Build Order
Export as new Build Order

orbit Terran - Winner!

Build Orders:  

Get SALT Encoding   

  12  0:00  SCV  
  13  0:12  SCV  
  14  0:17  Supply Depot  
  14  0:24  SCV  
  15  0:38  SCV  
  15  0:40  Barracks  
  16  0:43  Refinery  
  16  0:50  SCV  
  17  1:02  SCV  
  18  1:14  SCV  
  19  1:27  Barracks Reactor  
  19  1:29  Orbital Command  
  19  1:40  Command Center  
  19  1:47  Bunker  
  19  1:54  Supply Depot  
  19  1:58  SCV  
  20  2:03  Marine  
  20  2:05  Marine  
  22  2:10  SCV  
  23  2:21  Barracks  
  23  2:23  Marine x2  
  25  2:31  Barracks  
  25  2:39  Barracks  
  25  2:45  Marine x2  
  25  2:47  SCV  
  28  2:55  Orbital Command  
  28  3:01  SCV  
  28  3:04  Marine  
  28  3:05  Marine  
  31  3:09  Barracks Reactor  
  31  3:15  SCV  
  32  3:22  Supply Depot  
  32  3:24  Supply Depot  
  32  3:25  Marine x2  
  34  3:30  Barracks Reactor  
  34  3:39  Barracks Reactor  
  34  3:43  Marine x2  
  34  3:47  Marine x2  
  38  3:51  SCV x2  
  40  4:03  Marine x2  
  40  4:04  Marine  
  40  4:05  Marine  
  40  4:06  Marine x2  
  46  4:16  Marine  
  46  4:17  Marine  
  47  4:18  Supply Depot  
  47  4:19  Supply Depot  
  47  4:20  Marine  
  47  4:21  Marine  
  47  4:22  Marine x2  
  47  4:24  Marine x2  
  52  4:27  SCV x2  
  56  4:34  Marine x2  
  58  4:38  Marine x2  
  58  4:40  Marine x2  
  58  4:43  Marine x2  
  64  4:52  Marine x2  
  65  4:56  Marine x2  
  65  4:58  Marine x2, SCV  
  71  5:00  SCV  
  71  5:01  Marine  
  73  5:07  Supply Depot  
  73  5:09  Supply Depot  
  73  5:10  Marine  
  73  5:11  Marine  
  73  5:12  Marine  
  76  5:15  Marine  
  76  5:16  Marine  
  78  5:35  Marine  
  78  5:36  Marine x7  
Tags
 
League
Master
Matchup
TvZ
Replay Pack
Myownreplay2
Spawn Locations
Cross Positions
Add a new tag
Caveats
  • Supply blocks, unpowered buildings, or Contaminate may cause inaccurate times.
  • Supply counts are checked every 10 seconds.